 Dungeon Sprint DCSS version 0.17-a0-1508-ge7f3dc3 (webtiles) character file.

418 Kidiri the Protected (level 6, -97/42 HPs)
             Began as a Gargoyle Fighter on July 10, 2015.
             Was a Follower of Qazlal.
             Killed by Shatter
             ... invoked by Puqizes the pandemonium lord
              (124 damage)
             ... in the Dungeon (Sprint V: "Ziggurat Sprint").
             The game lasted 00:02:45 (340 turns).

Kidiri the Protected (Gargoyle Fighter)              Turns: 340, Time: 00:02:46

Health: -97/42     AC: 33    Str: 27    XL:     6   Next: 93%
Magic:  7/10       EV:  1    Int:  8    God:    Qazlal [*.....]
Gold:   0          SH: 32    Dex: 16    Spells: 0 memorised, 5 levels left

rFire  . . .     SeeInvis .     F - +6 shillelagh "Devastator" {shatter}
rCold  . . .     Clarity  .     G - +15 Maxwell's patent armour {-Cast -Tele rElec MR+ rCorr}
rNeg   + + .     SustAt   .     H - +18 shield of the gong {rElec rN+ MR+ EV-5}
rPois  ∞         Gourm    .     (no helmet)
rElec  +         Spirit   .     (no cloak)
rCorr  +         Warding  .     (no gloves)
rMut   .         NoTele   +     (no boots)
MR     ++...     NoCast   +     (no amulet)
Stlth  ..........               y - +6 ring of dexterity
                                D - +6 ring of strength

@: very resistant to hostile enchantments, extremely unstealthy
A: negative energy resistance 1, electricity resistance, unbreathing,
petrification resistance, rot immunity, AC +4
a: Renounce Religion


You were in the Dungeon.
You worshipped Qazlal.
Qazlal was aware of your devotion.
You were not hungry.

You visited 1 branch

Inventory:

Hand weapons
 F - the +6 shillelagh "Devastator" (weapon) {shatter}
   (You found it in the Dungeon)
Armour
 G - the +15 Maxwell's patent armour (worn) {-Cast -Tele rElec MR+ rCorr}
   (You found it in the Dungeon)

   It insulates you from electricity.
   It affects your resistance to hostile enchantments.
   It prevents spellcasting.
   It prevents most forms of teleportation.
   It protects you from acid and corrosion.
 H - the +18 shield of the gong (worn) {rElec rN+ MR+ EV-5}
   (You found it in the Dungeon)

   It affects your evasion (-5).
   It insulates you from electricity.
   It protects you from negative energy.
   It affects your resistance to hostile enchantments.
Jewellery
 y - a +6 ring of dexterity (right hand)
 A - a +6 ring of dexterity
 D - a +6 ring of strength (left hand)
 E - a +6 ring of strength
Magical devices
 a - a wand of disintegration (7)
 b - a wand of fire (5)
 c - a wand of cold (5)
 B - a wand of draining (5)
Scrolls
 k - 4 scrolls of blinking
 o - a scroll of brand weapon
 q - 4 scrolls of amnesia
 r - 3 scrolls of recharging
 s - 7 scrolls of fog
 t - a scroll of holy word
 u - 5 scrolls of identify
 v - 5 scrolls of remove curse
 w - 2 scrolls of fear
Potions
 d - 6 potions of might
 f - 10 potions of curing
 g - 10 potions of heal wounds
 h - 6 potions of haste
 i - 7 potions of magic
 j - 3 potions of berserk rage
 l - 2 potions of brilliance
 m - 2 potions of invisibility
 n - 4 potions of resistance
 p - 5 potions of agility
Comestibles
 e - 5 bread rations
 x - 42 fruits
 z - 4 meat rations


   Skills:
 + Level 6.8 Fighting
 + Level 5.8 Maces & Flails
 * Level 9.3 Armour
 * Level 9.3 Shields
 + Level 5.8 Invocations


You had 5 spell levels left.
You didn't know any spells.

Dungeon Overview and Level Annotations

Branches:
Dungeon (1/1)

Altars:
Ashenzari
Cheibriados
Dithmenos
Elyvilon
Fedhas
Gozag
Kikubaaqudgha
Makhleb
Nemelex Xobeh
Okawaru
Qazlal
Ru
Sif Muna
Trog
Vehumet
Xom
Yredelemnul
Zin
The Shining One
Beogh
Jiyva
Lugonu


Innate Abilities, Weirdness & Mutations

You are resistant to torment.
Your stone body is resilient (AC +4).
You are immune to poison.
You resist negative energy.
You are resistant to electric shocks.
You can survive without breathing.
You are immune to petrification.
You are immune to rotting.


Message History

SHROANNG!
The orange demon stings you but does no damage.
You block the soul eater's attack.
PTOANNNG!
Puqizes hits you but does no damage.
You sock the soul eater!
The soul eater, Puqizes and the rust devil shudder.
Puqizes is lightly wounded.
You kill the rust devil!
The soul eater is moderately wounded.
You block the orange demon's attack.
BONNNG!
You block the soul eater's attack.
GONNNNG!
Puqizes mumbles some strange words.
The dungeon rumbles around Puqizes!
The orange demon dies!
You shudder from the earth-shattering force.
Ouch! That really hurt!
You die...

▓▓▓▓▓▓▓▓▓▓▓▓▓
▓.8©8.▓.8©8.▓
▓.=)).▓.....▓
▓.....▓.|...▓
▓.....▓.....▓
▓.....▓.....▓
▓...&.▓.....▓
▓..3@.▓▓▓▓▓▓▓
▓▓▓▓▓▓▓


You could see Puqizes and a soul eater.

Vanquished Creatures
  A sixfirhy (D)
  An iron imp (D)
  A mummy (D)
  A ball python zombie (D)
4 creatures vanquished.

Notes
Turn   | Place    | Note
--------------------------------------------------------------
     0 | D        | Kidiri the Gargoyle Fighter began the quest for the Orb.
     0 | D        | Reached XP level 1. HP: 14/14 MP: 1/1
     4 | D        | Found a roughly hewn altar of Beogh.
     4 | D        | Found a viscous altar of Jiyva.
     4 | D        | Found a corrupted altar of Lugonu.
     4 | D        | Found a white marble altar of Elyvilon.
     4 | D        | Found a sparkling altar of Nemelex Xobeh.
     5 | D        | Found a burning altar of Makhleb.
     5 | D        | Found an iron altar of Okawaru.
     5 | D        | Found a deep blue altar of Sif Muna.
     5 | D        | Found a radiant altar of Vehumet.
     5 | D        | Found a bloodstained altar of Trog.
     5 | D        | Found a shimmering altar of Xom.
    91 | D        | Became a worshipper of Qazlal Stormbringer
    96 | D        | Reached skill level 4 in Fighting
    96 | D        | Reached skill level 5 in Armour
    96 | D        | Reached skill level 5 in Shields
    96 | D        | Reached XP level 2. HP: 17/20 MP: 2/4
   103 | D        | Entered arena 1.
   313 | D        | Entered arena 2.
   313 | D        | Noticed a sixfirhy
   313 | D        | Noticed Puqizes the pandemonium lord
   313 | D        | Noticed an iron imp
   316 | D        | Noticed a rust devil
   316 | D        | Noticed an orange demon
   317 | D        | Noticed a chaos spawn
   321 | D        | Killed an iron imp
   321 | D        | Acquired Qazlal's first power
   321 | D        | Reached skill level 6 in Armour
   321 | D        | Reached XP level 3. HP: 25/25 MP: 5/5
   321 | D        | Killed a chaos spawn
   322 | D        | Killed a sixfirhy
   322 | D        | Reached skill level 5 in Maces & Flails
   322 | D        | Reached skill level 9 in Armour
   322 | D        | Reached skill level 5 in Invocations
   322 | D        | Reached XP level 4. HP: 28/32 MP: 5/8
   322 | D        | Reached XP level 5. HP: 32/37 MP: 5/9
   322 | D        | Reached XP level 6. HP: 36/42 MP: 5/10
   329 | D        | Noticed a soul eater
   340 | D        | Killed a rust devil
   340 | D        | Killed an orange demon
   340 | D        | Killed from afar by Puqizes the pandemonium lord

Vault maps used:
D:        sprint_v

Action                   |  1- 3 |  4- 6 || total
-------------------------+-------+-------++-------
Melee: Shillelagh        |    13 |    17 ||    30
  Use: Potion            |     1 |       ||     1
